 Dungeon Crawl Stone Soup version 0.31-a0-1522-g43313d8a59 (webtiles) character file.

Game seed: 3109435932547763401

36563 Xavori the Nimble (level 14, -2/102 HPs)
             Began as a Djinni Chaos Knight on Dec 30, 2023.
             Was a Plaything of Xom.
             Slain by a freezing wraith (3 damage)
             ... on level 3 of the Lair of Beasts on Dec 31, 2023.
             The game lasted 00:29:32 (22639 turns).

Xavori the Nimble (Djinni Chaos Knight)            Turns: 22639, Time: 00:29:32

Health: -2/102     AC: 18    Str: 10    XL:     14   Next: 24%
Gold:   698        EV: 20    Int: 12    God:    Xom [......] SH: 14 Dex: 34

rFire   + + .        D - +5 long sword (freeze)
rCold   x . .        G - +0 kite shield
rNeg    + + +        j - +5 scale mail of Refuge {rPois rF- rN+++ Stlth-}
rPois   ∞            l - +1 hat of Quiet Fog {Dex+7 SInv}
rElec   .            (no cloak)
rCorr   .            (no gloves)
SInv    +            (boots unavailable)
Will    ++...        (no amulet)
Stlth   +            K - +4 ring of protection
HPRegen 0.37/turn    F - +6 ring of dexterity
MPRegen 0.00/turn

%: random rage (3%), infuse magic (-3 HP)
@: on berserk cooldown, flying, slowed, very slow
A: sickness immunity, fire resistance 3, cold vulnerability 1, float, innate
caster, HP casting, extra vitality 1, horns 1, agile 1, berserk 1, dopey 1,
strong-willed 1, sense surroundings 1, inability to drink after injury 1, sturdy
frame 2
a: Renounce Religion


You were on level 3 of the Lair of Beasts.
You worshipped Xom.
You were a very special plaything of Xom.
You visited 2 branches of the dungeon, and saw 13 of its levels.

You collected 908 gold pieces.
You spent 210 gold pieces at shops.

Inventory:

Hand Weapons
 k - a +0 falchion of flaming
 D - a +5 long sword of freezing (weapon)
 E - a +1 scimitar of flaming
Missiles
 y - a throwing net
Armour
 b - a +2 leather armour
 j - the +5 scale mail of Refuge (worn) {rPois rF- rN+++ Stlth-}
   (You found it on level 2 of the Dungeon)

   rF-:       It makes you vulnerable to fire.
   rPois:     It protects you from poison rN+++: It renders you almost immune to
   negative energy.
   Stlth-:    It makes you less stealthy.
 l - the +1 hat of Quiet Fog (worn) {Dex+7 SInv}
   (Xom gifted it to you on level 2 of the Dungeon)

   Dex+7:     It affects your dexterity (+7).
   SInv:      It lets you see invisible.
 G - a +0 kite shield (worn)
Jewellery
 p - a ring of willpower
 v - a +6 ring of intelligence
 F - a +6 ring of dexterity (right hand)
 J - a +5 ring of evasion
 K - a +4 ring of protection (left hand)
Wands
 g - a wand of flame (22)
 t - a wand of polymorph (29)
 x - a wand of iceblast (22)
 H - a wand of charming (19)
 I - a wand of light (6)
Scrolls
 c - a scroll of butterflies
 e - a scroll of immolation
 f - a scroll of enchant weapon
 i - a scroll of silence
 r - 3 scrolls of fear
 s - 2 scrolls of teleportation
 u - a scroll of summoning
 A - 5 scrolls of blinking
 B - a scroll of identify
Potions
 a - a potion of magic {unknown}
 d - 2 potions of cancellation
 h - a potion of degeneration
 m - a potion of attraction
 n - a potion of invisibility
 o - 2 potions of curing
 q - 2 potions of ambrosia
 w - a potion of might
 z - a potion of brilliance
 C - 3 potions of lignification
 L - a potion of haste {unknown}
 M - a potion of heal wounds
Miscellaneous
 N - a box of beasts
 O - a phantom mirror


   Skills:
 + Level 9.8 Fighting
 + Level 9.0 Long Blades
 + Level 9.4 Armour
 + Level 10.4 Dodging
 + Level 6.0 Shields
 * Level 9.2 Spellcasting
 * Level 9.2 Conjurations
 * Level 9.2 Hexes
 * Level 9.2 Summonings
 * Level 9.2 Necromancy
 * Level 9.2 Translocations
 * Level 9.2 Fire Magic
 * Level 9.2 Ice Magic
 * Level 9.2 Air Magic
 * Level 9.2 Earth Magic
 * Level 9.2 Alchemy
 - Level 7.0 Evocations


You knew the following spells:

 Your Spells              Type           Power      Damage    Failure   Level
a - Kiss of Death         Conj/Necr      100%       2d13      1%          1
b - Searing Ray           Conj           54%        2d6       3%          2
c - Teleport Other        Tloc           27%        N/A       6%          3
d - Cause Fear            Hex            13%        N/A       19%         4
e - Curse of Agony        Necr           27%        N/A       47%         5
f - Summon Mana Viper     Hex/Summ       27%        N/A       47%         5
Your spell library was empty.

Dungeon Overview and Level Annotations

Branches:
Dungeon (10/15)            Temple (0/1) D:5            Lair (3/5) D:10
 Shoals (0/4) Lair:2        Snake (0/4) Lair:2          Orc (0/2) D:10

Altars:
Elyvilon
Gozag
Okawaru
Trog
Xom

Shops:
D:4 :   D:6 (   D:8 !   D:9 (

Annotations:
Lair:1 2 transporters, Xavori's ghost, journeyman DjCK
Lair:3 Gastronok; Rupert


Innate Abilities, Weirdness & Mutations

You are immune to sickness and miasma.
You are immune to poison.
Your flesh is almost immune to the effects of heat. (rF+++)
You are vulnerable to cold. (rC-)
You float through the air rather than walking.
You learn spells naturally, not from books.
Your magical power is your life essence.
You have superior vitality. (+4 MHP)
You have a pair of small horns on your head.
You are agile. (Dex +4, Str/Int -1)
You sometimes lose your temper in combat.
You are dopey. (Int -2)
You are strong-willed. (Will+)
You passively map a small area around you.
You occasionally lose the ability to drink potions when taking damage.
Your movements are less encumbered by armour. (ER -4)


Message History

You kill the wolf!
A freezing wraith comes into view.
The wolf bites you but does no damage.
You barely miss Sonja.
Sonja is almost dead.
Sonja hits you with a +2 short sword of distortion!
Space warps horribly around you!!
* * * LOW HITPOINT WARNING * * *
Sonja barely misses you. You block Sonja's attack. The wolf barely misses you.
Unknown command.
You slice Sonja!! You freeze Sonja.
You kill Sonja!
You block the wolf's attack. The wolf closely misses you.
Your Shields skill increases to level 6!
You are too berserk!
The elephant trumpets!
You slice the wolf!! You freeze the wolf.
You kill the wolf!
You slice the wolf!! You freeze the wolf!
You kill the wolf!
You are too berserk!
You feel a strong urge to attack something.
You are no longer berserk.
You are exhausted.
You feel yourself slow down.
The freezing wraith hits you but does no damage. x2
You slash the freezing wraith!
The freezing wraith is moderately damaged.
The freezing wraith closely misses you. You block the freezing wraith's attack.
You slash the freezing wraith!
You headbutt the freezing wraith, but do no damage.
The freezing wraith is heavily damaged.
The freezing wraith hits you!
* * * LOW HITPOINT WARNING * * *
The freezing wraith freezes you!
You feel a terrible chill!
Xom thinks this is hilarious!
* * * LOW HITPOINT WARNING * * *
You block the freezing wraith's attack. x2; The freezing wraith hits you.
You die...
Xom guffaws!

................ , ,
........................
#.......................
........................
................[.......
........................
.......................#
*
../.........Y....W......
..P.......(.....@.......
..#..........)†.........
........####.#.#.......#
..#....## #######.###P#
.......# ## **# $...##,
...# .., , ,


You could see an elephant and a freezing wraith.

Vanquished Creatures
  A centaur warrior (D:8)
  2 two-headed ogres
  2 boulder beetles
  4 death yaks (Lair:2)
  Urug (Lair:2)
  Sonja (Lair:3)
  A goliath frog (Lair:2)
  A salamander (Lair:2)
  A cyclops (D:8)
  An elephant (Lair:2)
  A meliai (D:8)
  A merfolk siren (Lair:2)
  A manticore (D:9)
  A black mamba (Lair:1)
  A torpor snail (Lair:1)
  7 cane toads
  2 gargoyles
  2 komodo dragons
  2 rime drakes
  2 kobold demonologists (D:7)
  An efreet (D:7)
  3 merfolk (Lair:2)
  A troll (D:9)
  4 polar bears (Lair:2)
  21 blink frogs
  7 dream sheep
  A shadow (D:8)
  3 wyverns
  A vampire (D:7)
  29 yaks
  6 basilisks
  3 steam dragons
  A warg (D:10)
  3 acid dragons
  8 water moccasins
  4 black bears
  10 orc warriors
  2 ice beasts
  4 sky beasts
  2 ogres
  A crocodile (shapeshifter) (D:8)
  15 wolves
  5 centaurs
  6 kobold brigands
  9 bullfrogs
  3 scorpions
  A gnoll sergeant (D:7)
  16 wights
  12 killer bees
  4 electric eels
  6 howler monkeys
  4 bombardier beetles
  4 hounds (D:6)
  3 lava snakes (Lair:2)
  14 orc priests
  2 gnoll boudas
  A jelly (D:6)
  9 orc wizards
  A sleepcap (D:8)
  9 iguanas
  A killer bee simulacrum (D:8)
  10 gnolls
  5 adders
  2 shadow imps
  2 white imps (D:8)
  2 dart slugs
  A ribbon worm (shapeshifter) (Lair:1)
  A ribbon worm (D:3)
  60 orcs
  3 endoplasms (D:1)
  12 giant cockroaches
  9 goblins
  5 hobgoblins
  18 kobolds
  2 quokkas
  10 ball pythons
  7 bats
  6 frilled lizards
  5 rats
435 creatures vanquished.

Vanquished Creatures (collateral kills)
  A cyclops (D:8)
  An orc priest (D:6)
  An orc wizard (D:6)
  3 gnolls (D:6)
  3 orcs (D:6)
9 creatures vanquished.

Vanquished Creatures (others)
  A boulder beetle (D:8)
  A lava snake (Lair:2)
  An adder (D:6)
  An orc (D:8)
  A quokka (D:8)
5 creatures vanquished.

Grand Total: 449 creatures vanquished

Notes
Turn   | Place    | Note
-------+----------+-------------------------------------------
     0 | D:1      | Xavori the Djinni Chaos Knight began the quest for the Orb.
     0 | D:1      | Reached XP level 1. HP: 20/20 MP: 0/0
    48 | D:1      | Reached XP level 2. HP: 25/25 MP: 0/0
   170 | D:1      | XOM: divination: magic mapping
   322 | D:1      | Reached XP level 3. HP: 24/30 MP: 0/0
   322 | D:1      | Learned a level 1 spell: Kiss of Death
   372 | D:1      | Reached skill level 1 in Spellcasting
   372 | D:1      | Reached skill level 1 in Conjurations
   372 | D:1      | Reached skill level 1 in Hexes
   372 | D:1      | Reached skill level 1 in Summonings
   372 | D:1      | Reached skill level 1 in Necromancy
   372 | D:1      | Reached skill level 1 in Translocations
   372 | D:1      | Reached skill level 1 in Fire Magic
   372 | D:1      | Reached skill level 1 in Ice Magic
   372 | D:1      | Reached skill level 1 in Air Magic
   372 | D:1      | Reached skill level 1 in Earth Magic
   372 | D:1      | Reached skill level 1 in Alchemy
   456 | D:1      | You are sucked into a shaft and drop 1 floor!
  1038 | D:1      | XOM: 3-stop teleportation journey
  1039 | D:1      | XOM: 1-stop teleportation journey
  1455 | D:1      | XOM: god gift: wand of flame (12)
  1648 | D:1      | XOM: god gift: 53 gold pieces
  1714 | D:1      | XOM: silly message
  2294 | D:1      | XOM: silly message
  3048 | D:1      | XOM: silly message
  3172 | D:1      | XOM: give mutations
  3172 | D:1      | Gained mutation: You occasionally lose the ability to drink
                  | potions when taking damage. [Xom's mischief]
  3172 | D:1      | Gained mutation: You are dopey. (Int -2) [Xom's mischief]
  3172 | D:1      | Gained mutation: You are robust. (+10% HP) [Xom's mischief]
  3172 | D:1      | Gained mutation: Your movements are slightly less
                  | encumbered by armour. (ER -2) [Xom's mischief]
  3367 | D:1      | XOM: god gift: 5 darts of dispersal
  3900 | D:1      | XOM: god gift: scale mail {god gift}
  4628 | D:1      | XOM: give mutations
  4628 | D:1      | Gained mutation: You are partially covered in large bone
                  | plates. (SH +4) [Xom's grace]
  4628 | D:1      | Lost mutation: You are dopey. (Int -2) [Xom's grace]
  4702 | D:1      | XOM: summons 2 hostile demons
  5117 | D:1      | XOM: scenery: create altars
  6417 | D:1      | XOM: scenery: create altars
  6722 | D:1      | XOM: give mutations
  6722 | D:1      | Gained mutation: Your muscles are strong. (Str +4, Int/Dex
                  | -1) [Xom's mischief]
  6722 | D:1      | Gained mutation: You passively map a small area around you.
                  | [Xom's mischief]
  6722 | D:1      | Gained mutation: You have a pair of small horns on your
                  | head. [Xom's mischief]
  6868 | D:1      | XOM: god gift: wand of mindburst (4)
  7152 | D:1      | XOM: divination: detect items
  7245 | D:1      | XOM is BORED!
  7245 | D:1      | XOM: stat loss: -1 Int (11/12)
  7570 | D:1      | XOM: give mutations
  7570 | D:1      | Gained mutation: You are resistant to electric shocks.
                  | (rElec) [Xom's grace]
  7570 | D:1      | Gained mutation: You are somewhat resistant to further
                  | mutation. [Xom's grace]
  7570 | D:1      | Gained mutation: You are agile. (Dex +4, Str/Int -1) [Xom's
                  | grace]
  7839 | D:2      | Identified the +5 scale mail of Refuge {rPois rF- rN+++
                  | Stlth-}
  8007 | D:2      | Reached XP level 4. HP: 34/38 MP: 0/0
  8234 | D:2      | Identified the +1 hat of Quiet Fog {Dex+7 SInv} (Xom gifted
                  | it to you on level 2 of the Dungeon)
  8234 | D:2      | XOM: god gift: +1 hat of Quiet Fog {Dex+7 SInv}
  8348 | D:2      | XOM: give mutation
  8348 | D:2      | Lost mutation: You are resistant to electric shocks.
                  | (rElec) [Xom's mischief]
  8360 | D:2      | XOM: scenery: summon butterflies
  8655 | D:3      | Reached XP level 5. HP: 43/44 MP: 0/0
  8655 | D:3      | Learned a level 2 spell: Searing Ray
  8681 | D:3      | XOM: 1-stop teleportation journey
  8750 | D:3      | XOM: scenery: create altars
  8772 | D:3      | Reached skill level 3 in Dodging
  8772 | D:3      | Reached skill level 1 in Evocations
  8841 | D:3      | Found a faded altar of an unknown god.
  9165 | D:4      | Found Liff's Book Boutique.
  9168 | D:4      | XOM: divination: magic mapping
  9174 | D:4      | Reached XP level 6. HP: 50/50 MP: 0/0
  9197 | D:4      | Found an opulent altar of Gozag.
  9197 | D:4      | Found a bloodstained altar of Trog.
  9197 | D:4      | XOM: 4-stop teleportation journey
  9797 | D:5      | Entered Level 5 of the Dungeon
  9805 | D:5      | Found a staircase to the Ecumenical Temple.
  9816 | D:5      | XOM: enchant monster (bad)
  9832 | D:5      | Noticed a black bear
  9845 | D:5      | Killed a black bear
  9846 | D:5      | Reached XP level 7. HP: 23/57 MP: 0/0
  9846 | D:5      | Learned a level 3 spell: Teleport Other
  9984 | D:5      | XOM: enchant monster (good)
 10253 | D:5      | Found an iron altar of Okawaru.
 10289 | D:5      | XOM: butterfly on damage
 10291 | D:5      | Reached skill level 4 in Dodging
 10291 | D:5      | Reached XP level 8. HP: 22/63 MP: 0/0
 10703 | D:6      | Found Atwaapp Tamy's Weapon Emporium.
 10741 | D:6      | XOM: divination: detect items
 10865 | D:6      | XOM: destruction
 11006 | D:6      | XOM: cloud trail
 11008 | D:6      | XOM: scenery: 1 doors open
 11017 | D:6      | XOM: fog
 11081 | D:6      | XOM: scenery: 1 doors close
 11105 | D:6      | XOM: confuse monster(s)
 11189 | D:6      | Reached skill level 5 in Fighting
 11289 | D:6      | Reached XP level 9. HP: 51/71 MP: 0/0
 11289 | D:6      | Learned a level 4 spell: Cause Fear
 11419 | D:6      | XOM: give mutations
 11419 | D:6      | Lost mutation: You have a pair of small horns on your head.
                  | [Xom's mischief]
 11419 | D:6      | Gained mutation: Your health recovers twice as slowly from
                  | being drained. [Xom's mischief]
 11638 | D:7      | XOM: polymorph bullfrog -> iguana
 11651 | D:7      | Reached skill level 5 in Dodging
 11870 | D:7      | Noticed a kobold demonologist
 11876 | D:7      | XOM: potion effect (attraction)
 11878 | D:7      | XOM: enchant monster (bad)
 11879 | D:7      | XOM: enchant monster (good)
 11893 | D:7      | Killed a kobold demonologist
 11894 | D:7      | Reached skill level 5 in Long Blades
 11905 | D:7      | Noticed a kobold demonologist
 11911 | D:7      | Noticed a smoke demon
 11911 | D:7      | a kobold demonologist changed into a rime drake
 11911 | D:7      | Noticed a rime drake
 11912 | D:7      | Lost mutation: Your health recovers twice as slowly from
                  | being drained. [potion of mutation]
 11912 | D:7      | Lost mutation: You are robust. (+10% HP) [potion of
                  | mutation]
 11912 | D:7      | Lost mutation: You are somewhat resistant to further
                  | mutation. [potion of mutation]
 11912 | D:7      | Gained mutation: You sometimes lose your temper in combat.
                  | [potion of mutation]
 11912 | D:7      | Gained mutation: Your flesh is almost immune to the effects
                  | of heat. (rF+++) [potion of mutation]
 11934 | D:7      | XOM: confuse monster(s)
 11935 | D:6      | XOM: cast spell 'Summon Ice Beast'
 11974 | D:6      | XOM: cleaving
 11986 | D:6      | XOM: confuse monster(s)
 12485 | D:7      | Lost mutation: Your muscles are strong. (Str +4, Int/Dex
                  | -1) [potion of mutation]
 12485 | D:7      | Lost mutation: You are agile. (Dex +4, Str/Int -1) [potion
                  | of mutation]
 12485 | D:7      | Gained mutation: You are agile. (Dex +4, Str/Int -1)
                  | [potion of mutation]
 12486 | D:7      | Lost mutation: You are partially covered in large bone
                  | plates. (SH +4) [potion of mutation]
 12486 | D:7      | Lost mutation: You occasionally lose the ability to drink
                  | potions when taking damage. [potion of mutation]
 12558 | D:2      | XOM: silly message
 12777 | D:7      | XOM: scenery: create altars
 12789 | D:7      | XOM: fog
 12869 | D:7      | Reached skill level 5 in Armour
 12899 | D:7      | XOM: god gift: book of Party Tricks
 12963 | D:7      | XOM: give mutations
 12963 | D:7      | Gained mutation: You have a pair of small horns on your
                  | head. [Xom's mischief]
 12963 | D:7      | Gained mutation: Your movements are less encumbered by
                  | armour. (ER -4) [Xom's mischief]
 13032 | D:7      | Noticed a kobold demonologist
 13040 | D:7      | XOM: chaos upgrade
 13044 | D:7      | Killed a kobold demonologist
 13045 | D:7      | Reached skill level 6 in Dodging
 13045 | D:7      | Reached XP level 10. HP: 71/72 MP: 0/0
 13045 | D:7      | XOM: swap monsters
 13051 | D:7      | XOM: blink monster(s)
 13052 | D:7      | Killed a rime drake
 13053 | D:7      | Reached skill level 5 in Spellcasting
 13053 | D:7      | Reached skill level 5 in Conjurations
 13053 | D:7      | Reached skill level 5 in Hexes
 13053 | D:7      | Reached skill level 5 in Summonings
 13053 | D:7      | Reached skill level 5 in Necromancy
 13053 | D:7      | Reached skill level 5 in Translocations
 13053 | D:7      | Reached skill level 5 in Fire Magic
 13053 | D:7      | Reached skill level 5 in Ice Magic
 13053 | D:7      | Reached skill level 5 in Air Magic
 13053 | D:7      | Reached skill level 5 in Earth Magic
 13053 | D:7      | Reached skill level 5 in Alchemy
 13053 | D:7      | Reached skill level 5 in Evocations
 13349 | D:8      | XOM: swap monsters
 13357 | D:8      | XOM: summons friendly shadow imp
 13484 | D:8      | Found a white marble altar of Elyvilon.
 13501 | D:8      | Noticed a gargoyle
 13502 | D:8      | Noticed a two-headed ogre
 13502 | D:8      | Noticed an efreet
 13504 | D:8      | Noticed a cyclops
 13509 | D:8      | Killed a two-headed ogre
 13519 | D:8      | XOM: divination: detect items
 14210 | D:7      | XOM: stat loss: -1 Dex (27/28)
 14245 | D:8      | XOM: cast spell 'Summon Small Mammal'
 14246 | D:8      | XOM: cleaving
 14248 | D:8      | Killed a cyclops
 14448 | D:8      | Found Liarot's Distillery.
 14481 | D:8      | Killed a gargoyle
 14482 | D:8      | Reached skill level 7 in Dodging
 14690 | D:8      | Bought a potion of curing for 42 gold pieces
 14690 | D:8      | Bought a potion of lignification for 42 gold pieces
 14690 | D:8      | Bought a potion of degeneration for 14 gold pieces
 14690 | D:8      | Bought a potion of invisibility for 112 gold pieces
 14736 | D:8      | Reached XP level 11. HP: 71/78 MP: 0/0
 14736 | D:8      | Learned a level 5 spell: Curse of Agony
 14765 | D:8      | XOM: polymorph ice beast -> ice beast
 14817 | D:8      | XOM: polymorph orc warrior -> basilisk
 14834 | D:8      | Noticed a meliai
 14849 | D:8      | HP: 1/78 [meliai/+0 hand axe (5)]
 14850 | D:8      | Killed a meliai
 15146 | D:8      | Noticed a cyclops
 15147 | D:8      | XOM: chaos upgrade
 15157 | D:8      | XOM: smoke on damage
 15169 | D:8      | Killed a cyclops
 15192 | D:8      | XOM: give mutations
 15192 | D:8      | Gained mutation: You are strong-willed. (Will+) [Xom's
                  | mischief]
 15192 | D:8      | Gained mutation: You are dopey. (Int -2) [Xom's mischief]
 15192 | D:8      | Lost mutation: Your flesh is almost immune to the effects
                  | of heat. (rF+++) [Xom's mischief]
 15192 | D:8      | Gained mutation: You occasionally lose the ability to drink
                  | potions when taking damage. [Xom's mischief]
 15309 | D:8      | Noticed a boulder beetle
 15359 | D:8      | Killed a boulder beetle
 15448 | D:8      | Noticed a centaur warrior
 15455 | D:8      | XOM: noise
 15459 | D:8      | XOM: cast spell 'Animate Armour'
 15461 | D:8      | Killed a centaur warrior
 15495 | D:8      | XOM: noise
 15652 | D:8      | XOM: god gift: scale mail {god gift}
 15714 | D:8      | Noticed a boulder beetle
 15719 | D:8      | XOM: summons friendly white imp
 15797 | D:7      | XOM: god gift: embroidered hat {god gift}
 15924 | D:8      | XOM: summons 5 friendly demons
 15928 | D:8      | Killed a boulder beetle
 15928 | D:8      | XOM: divine lightning
 16532 | D:8      | Identified the staff of Vuyroiri {rPois Str-4 SInv Necro
                  | Alchemy}
 16534 | D:8      | Identified the +1 scale mail "Quz Voki" {Int+4 Dex-2}
 16688 | D:9      | XOM: cast spell 'Alistair's Intoxication'
 16691 | D:9      | Reached skill level 8 in Dodging
 16698 | D:9      | Noticed a manticore
 16704 | D:9      | XOM: destruction
 16707 | D:9      | XOM: summons 3 hostile demons
 16710 | D:9      | Killed a manticore
 16717 | D:9      | HP: 2/80 [smoke demon/divine providence[Xom] (13)]
 16960 | D:9      | Found Games's Weapon Emporium.
 16972 | D:9      | Reached skill level 1 in Shields
 16998 | D:9      | Reached XP level 12. HP: 86/86 MP: 0/0
 17290 | D:9      | XOM: silly message
 17474 | D:9      | XOM: give mutation
 17474 | D:9      | Gained mutation: Your flesh is almost immune to the effects
                  | of heat. (rF+++) [Xom's grace]
 17739 | D:10     | Entered Level 10 of the Dungeon
 17816 | D:10     | XOM: god gift: flail {god gift}
 17938 | D:10     | XOM: potion effect (might)
 17942 | D:10     | XOM: enchant monster (bad)
 17946 | D:10     | Found a staircase to the Orcish Mines.
 18184 | D:10     | XOM: enchant monster (good)
 18368 | D:10     | Noticed a two-headed ogre
 18372 | D:10     | XOM: noise
 18381 | D:10     | Killed a two-headed ogre
 18632 | D:10     | Found a staircase to the Lair.
 18661 | D:10     | XOM: butterfly on damage
 18703 | D:10     | XOM: god gift: phantom mirror
 19225 | Lair:1   | Entered Level 1 of the Lair of Beasts
 19243 | Lair:1   | XOM: polymorph rime drake -> glowing shapeshifter
 19326 | Lair:1   | XOM: divination: detect creatures
 19344 | Lair:1   | XOM: confuse monster(s)
 19552 | Lair:1   | Noticed Xavori's ghost (journeyman DjCK)
 19562 | Lair:1   | Found a transporter.
 19567 | Lair:1   | Found a transporter.
 19671 | Lair:1   | Reached skill level 9 in Dodging
 19688 | Lair:1   | XOM: scenery: summon butterflies
 19699 | Lair:1   | XOM: polymorph butterfly -> howler monkey
 19710 | Lair:1   | Reached XP level 13. HP: 37/93 MP: 0/0
 19710 | Lair:1   | Learned a level 5 spell: Summon Mana Viper
 19957 | Lair:1   | XOM: cast spell 'Chain of Chaos'
 20036 | Lair:1   | XOM: stat loss: -1 Int (11/12)
 20104 | Lair:1   | XOM: summons 2 hostile demons
 20240 | Lair:2   | XOM: noise
 20256 | Lair:2   | XOM: divination: detect creatures
 20258 | Lair:2   | XOM: silly message
 20260 | Lair:2   | XOM: potion effect (might)
 20390 | Lair:2   | Found a staircase to the Shoals.
 20401 | Lair:2   | XOM: confuse monster(s)
 20424 | Lair:2   | XOM: cast spell 'Monstrous Menagerie'
 20543 | Lair:2   | XOM: cast spell 'Summon Ice Beast'
 20713 | Lair:2   | Noticed Urug
 20730 | Lair:2   | Killed Urug
 20818 | Lair:2   | XOM: 1-stop teleportation journey
 20822 | Lair:2   | XOM: fog
 20918 | Lair:2   | Reached skill level 5 in Shields
 21000 | Lair:2   | XOM: silly message
 21006 | Lair:2   | XOM: potion effect (might)
 21019 | Lair:2   | XOM: cast spell 'Summon Ice Beast'
 21029 | Lair:2   | XOM: divination: detect items
 21039 | Lair:2   | XOM: potion effect (invisibility)
 21303 | Lair:2   | Reached skill level 10 in Dodging
 21308 | Lair:2   | XOM: scenery: 1 doors open
 21310 | Lair:2   | XOM: enchant monster (good)
 21314 | Lair:2   | XOM: confuse monster(s)
 21316 | Lair:2   | XOM: summons friendly shadow imp
 21381 | Lair:2   | XOM: divine lightning
 21389 | Lair:2   | XOM: polymorph wyvern -> goliath frog
 21391 | Lair:2   | XOM: divination: detect items
 21839 | Lair:2   | Identified the +5 quarterstaff of the Horn {spect, *Corrode
                  | rF+++ Int+4}
 21900 | Lair:2   | XOM: silly message
 21961 | Lair:2   | Found a staircase to the Snake Pit.
 21964 | Lair:2   | XOM: confuse monster(s)
 22028 | Lair:2   | XOM: enchant monster (good)
 22101 | Lair:2   | Reached XP level 14. HP: 72/101 MP: 0/0
 22295 | Lair:2   | XOM: potion effect (curing)
 22387 | Lair:3   | Noticed Gastronok
 22392 | Lair:2   | XOM: enchant monster (bad)
 22394 | Lair:2   | XOM: blink monster(s)
 22478 | Lair:3   | XOM: noise
 22541 | Lair:3   | Noticed Rupert
 22607 | Lair:3   | XOM: summons 1 hostile shadow creature
 22616 | Lair:3   | Noticed Sonja
 22633 | Lair:3   | Killed Sonja
 22639 | Lair:3   | HP: 1/102 [freezing wraith (12)]
 22639 | Lair:3   | Slain by a freezing wraith

Illustrated notes

Levels and vault maps discovered:
D:1:      sevenhm_arrival_forest_fort_small_3, layout_loops_cross
D:2:      layout_rooms, lexackson_kobold_supper
D:3:      minmay_roachtagon, layout_rooms, hellmonk_ecumenical_altar_crossroads,
          due_unseen_surprise
D:4:      layout_basic, grunt_temple_overflow_open, serial_shops,
          nicolae_shop_advertising_works [nicolae_subvault_shop_adworks],
          hex_tiny, hangedman_decor_lopped
D:5:      layout_basic, mainiacjoe_overflow_24_doors,
          minmay_temple_entry_slanted
D:6:      layout_basic, serial_shops, shop, minmay_liquid_box,
          corexii_hall_statues_i, dreamdust_gnoll_farm
D:7:      layout_basic, serial_library_regret_index_headful
D:8:      nzn_winding_woodlands_large [nzn_winding_woodlands_5x5_three,
          nzn_winding_woodlands_5x15_river_crossing,
          nzn_winding_woodlands_5x5_cross, nzn_winding_woodlands_center_garden,
          nzn_winding_woodlands_15x15_five_gardens,
          nzn_winding_woodlands_center_diamonds,
          nzn_winding_woodlands_5x5_perimeter,
          nzn_winding_woodlands_5x15_sidewinder,
          nzn_winding_woodlands_hourglass], layout_rooms, elyvilon_altar_4,
          mainiacjoe_overflow_catwalk, serial_shops, shop,
          small_chamber_with_monster, serial_park_tiny_2,
          kennysheep_another_room, dreamdust_wishing_well, minmay_radiant
D:9:      layout_long_grid, serial_shops, nicolae_shop_rolling_square,
          grunt_ministairs_9
D:10:     layout_roguey, erik_lair_orcish_takeover, erik_orc_3, special_room
          [special_room_orc]
Lair:1:   layout_small_grid, gammafunk_ghost_hive, lemuel_fruit_fields
Lair:2:   layout_chaotic_city, elwin_shoals_entry_stream,
          nicolae_snake_entry_warm_welcome, pdpol_lair_cavern_descent, uniq_urug
Lair:3:   layout_hall_layers, ice2_lemuel, uniq_rupert, uniq_gastronok,
          uniq_sonja

Skill      XL: |  1  2  3  4  5  6  7  8  9 10 11 12 13 14 |
---------------+-------------------------------------------+-----
Spellcasting   | 1 2 3 4 5 6 7 8 9 |  9.2
Conjurations   | 1 2 3 4 5 6 7 8 9 |  9.2
Hexes          | 1 2 3 4 5 6 7 8 9 |  9.2
Summonings     | 1 2 3 4 5 6 7 8 9 |  9.2
Necromancy     | 1 2 3 4 5 6 7 8 9 |  9.2
Translocations | 1 2 3 4 5 6 7 8 9 |  9.2
Fire Magic     | 1 2 3 4 5 6 7 8 9 |  9.2
Ice Magic      | 1 2 3 4 5 6 7 8 9 |  9.2
Air Magic      | 1 2 3 4 5 6 7 8 9 |  9.2
Earth Magic    | 1 2 3 4 5 6 7 8 9 |  9.2
Alchemy        | 1 2 3 4 5 6 7 8 9 |  9.2
Long Blades    | 3 4 5 6 7 8 9 |  9.0
Armour         | 2 3 4 5 6 7 8 9 |  9.4
Dodging        | 3 4 6 7 8 9 10 | 10.4
Evocations     | 1 2 3 4 5 6 7 |  7.0
Fighting       | 4 5 6 7 8 9 |  9.8
Shields        | 1 3 5 6 |  6.0

Action                     |  1- 3 |  4- 6 |  7- 9 | 10-12 | 13-15 || total
---------------------------+-------+-------+-------+-------+-------++-------
  Melee: Falchion          |    88 |   143 |   342 |   136 |       ||   709
         Headbutt          |     4 |    23 |    32 |   157 |   103 ||   319
         Punch             |       |     1 |     8 |     8 |       ||    17
         Long sword        |       |       |       |   509 |   350 ||   859
   Cast: Cause Fear        |       |       |       |     1 |       ||     1
  Evoke: Wand              |       |       |       |     5 |     7 ||    12
    Use: Scroll            |       |     5 |    10 |     5 |     2 ||    22
         Potion            |       |       |     8 |     2 |     1 ||    11
   Stab: Paralysed         |     1 |       |     1 |       |       ||     2
         Petrified         |       |       |     2 |       |       ||     2
         Petrifying        |       |       |     1 |       |       ||     1
         Confused          |       |       |       |     2 |     3 ||     5
         Distracted        |       |       |       |     1 |     1 ||     2
         Betrayed ally     |       |       |       |     1 |       ||     1
         Invisible         |       |       |       |       |    10 ||    10
 Armour: Leather armour    |    57 |       |       |       |       ||    57
         Scale mail        |    10 |    96 |   257 |   380 |   200 ||   943
  Dodge: Dodged            |    73 |    95 |   298 |   516 |   314 ||  1296
  Block: Other             |     9 |    27 |    69 |       |       ||   105
         Kite shield       |       |       |       |   304 |   377 ||   681

Table legend: (Time is in decaauts)
 A = Elapsed time spent in this place.
 B = Non-inter-level travel time spent in this place.
 C = Inter-level travel time spent in this place.
 D = Time resting spent in this place.
 E = Time spent auto-exploring this place.
 F = Levels seen in this place.
 G = Mean time per level.
                   A        B        C        D        E       F      G
               +--------+--------+--------+--------+--------+-----+--------+
         Total |  23172 |  22488 |    684 |  10980 |   7975 |  13 | 1782.5 |
       Dungeon |  19611 |  18976 |    635 |   9955 |   6427 |  10 | 1961.1 |
          Lair |   3561 |   3512 |     49 |   1025 |   1548 |   3 | 1187.0 |
               +--------+--------+--------+--------+--------+-----+--------+

Top non-repeatable levels by time:
     D:1: 7660 daAuts
     D:8: 2621 daAuts
  Lair:2: 2443 daAuts
     D:7: 2009 daAuts
    D:10: 1567 daAuts
     D:6: 1352 daAuts
  Lair:1: 1048 daAuts
     D:2: 1046 daAuts
     D:5: 1045 daAuts
     D:9: 1031 daAuts
     D:4: 733 daAuts
     D:3: 541 daAuts
  Lair:3: 69 daAuts
